 Dungeon Crawl Stone Soup version 0.30.1 (webtiles) character file.

Game seed: 7354410966616492940

254 spardeous the Digger (level 5, -5/21 HPs)
             Began as a Felid Earth Elementalist on July 12, 2023.
             Killed from afar by an orc wizard (11 damage)
             ... with a puff of flame
             ... on level 5 of the Dungeon.
             The game lasted 00:09:54 (3559 turns).

spardeous the Digger (Felid Earth Elementalist)     Turns: 3559, Time: 00:09:55

Health: -5/21      AC:  2    Str:  4    XL:     5   Next: 91%
Magic:  2/9        EV: 25    Int: 18    God:
Gold:   28         SH:  0    Dex: 17    Spells: 7/8 levels left
                                        Lives:  0   Deaths: 1

rFire   . . .        (weapon unavailable)
rCold   . . .        (shield unavailable)
rNeg    + . .        (body armour unavailable)
rPois   .            (helmet unavailable)
rElec   .            (cloak unavailable)
rCorr   .            (gloves unavailable)
SInv    +            (boots unavailable)
Will    .....        (no amulet)
Stlth   ++           m - ring of positive energy
HPRegen 0.23/turn    r - +5 ring of evasion
MPRegen 0.11/turn

%: no passive effects
@: quick
A: very small, claws 1, fangs 3, see invisible, speed 1, shaggy fur 2, stealthy
paws, no weapons or thrown items, no armour, multi-lived
a: no special abilities


You were on level 5 of the Dungeon.
You visited 1 branch of the dungeon, and saw 5 of its levels.
You also visited: Sewer.

You collected 28 gold pieces.

Inventory:

Jewellery
 m - a ring of positive energy (left paw)
 r - a +5 ring of evasion (right paw)
Wands
 f - a wand of roots (7)
Scrolls
 b - a scroll of identify {unknown}
 d - a scroll of immolation {unknown}
 i - 2 scrolls of fog {unknown}
 o - a scroll of teleportation {unknown}
Potions
 a - 2 potions of magic
 c - 2 potions of flight {unknown}
 e - 2 potions of attraction {unknown}
 g - 2 potions of lignification {unknown}
 h - a potion of berserk rage {unknown}
 j - a potion of mutation {unknown}
 k - a potion of heal wounds {unknown}
 l - a potion of might {unknown}
 n - a potion of curing {unknown}
 p - a potion of invisibility {unknown}
 q - a potion of brilliance {unknown}


   Skills:
 + Level 6.0 Dodging
 - Level 2.6 Stealth
 - Level 2.0 Spellcasting
 - Level 1.1 Transmutations
 * Level 6.1 Earth Magic


You had 7 spell levels left.
You knew the following spells:

 Your Spells              Type           Power      Damage    Failure   Level
a - Sandblast             Erth           46%        2d11      1%          1

Your spell library contained the following spells:

 Spells                   Type           Power      Damage    Failure   Level
 Passwall                 Tmut/Erth      11%        N/A       6%          2
 Stone Arrow              Conj/Erth      24%        3d8       16%         3
 Apportation              Tloc           2%         N/A       19%         1
 Necrotise                Necr           4%         1d4       19%         1
 Summon Small Mammal      Summ           4%         N/A       19%         1
 Petrify                  Tmut/Erth      14%        N/A       38%         4


Dungeon Overview and Level Annotations

Branches:
Dungeon (5/15)              Sewer (visited)
 Temple: D:4-7

Altars:
Kikubaaqudgha
Uskayaw

Shops:
D:4 [

Annotations:
D:3 Sigmund
D:4 Blork the orc
D:5 Edmund


Innate Abilities, Weirdness & Mutations

You have sharp claws.
You have razor-sharp teeth.
You have supernaturally acute eyesight. (SInv)
You cover ground quickly. (Speed+)
You are covered in thick fur. (AC +2)
Your paws help you pounce on unaware monsters.
You are incapable of wielding weapons or throwing items.
You cannot wear armour.
You gain extra lives every three experience levels.


Message History

Aim: an orc, wielding a +0 short sword and wearing a +0 chain mail (heavily wounded, 87% to hit)
The blast of sand hits the orc.
You kill the orc!
Casting: Sandblast (safe; 1% risk of failure)
Confirm with . or Enter, or press ? or * to list all spells.
Aiming: Sandblast (safe; 1% risk of failure)
Press: ? - help, Shift-Dir - straight line, f - gnoll
Aim: a gnoll, wielding a +0 flail (85% to hit)
The blast of sand hits the gnoll.
The gnoll is moderately wounded.
Casting: Sandblast (safe; 1% risk of failure)
Confirm with . or Enter, or press ? or * to list all spells.
Aiming: Sandblast (safe; 1% risk of failure)
Press: ? - help, Shift-Dir - straight line, f/p - gnoll
Aim: a gnoll, wielding a +0 flail (moderately wounded, 85% to hit)
The blast of sand hits the gnoll.
The gnoll is almost dead.
The gnoll hits you with a +0 flail!
Casting: Sandblast (safe; 1% risk of failure)
Confirm with . or Enter, or press ? or * to list all spells.
Aiming: Sandblast (safe; 1% risk of failure)
Press: ? - help, Shift-Dir - straight line, f/p - gnoll
Aim: a gnoll, wielding a +0 flail (almost dead, 85% to hit)
The blast of sand hits the gnoll but does no damage.
The gnoll is almost dead.
The gnoll completely misses you. The gnoll hits you with a +0 flail!
* * * LOW HITPOINT WARNING * * *
An orc wizard and 2 orcs come into view.
The orc wizard is wielding a +2 dagger of venom.
Casting: Sandblast (safe; 1% risk of failure)
Confirm with . or Enter, or press ? or * to list all spells.
Aiming: Sandblast (safe; 1% risk of failure)
Press: ? - help, Shift-Dir - straight line, f/p - gnoll
Aim: a gnoll, wielding a +0 flail (almost dead, 85% to hit)
The blast of sand hits the gnoll!
You kill the gnoll!
The orc wizard casts a spell at you. The puff of flame hits you!
Ouch! That really hurt!
You die...

#.....# ##..... .#
#.....###...... ..###
#....##........
.....####....#......###
.......g........####
#.....).o...)##
##......##..|##
#.....>####...#
#...@.## ##o..#
#......# #...o.
#.....## .......
#.....## ....###.
#...... o...# .......
....... .......


You could see an orc wizard and a gnoll.

Vanquished Creatures
  2 kobold brigands (Sewer)
  2 hounds (D:4)
  Jessica (D:3)
  3 iguanas (D:4)
  3 gnolls (D:5)
  8 adders
  4 river rats (Sewer)
  2 ufetubi
  3 orcs
  5 ball pythons
  A bat (D:1)
  2 endoplasms
  3 giant cockroaches
  2 goblins
  3 jackals (Sewer)
  A quokka (D:1)
  7 frilled lizards
  5 kobolds
  5 rats
62 creatures vanquished.

Notes
Turn   | Place    | Note
-------+----------+-------------------------------------------
     0 | D:1      | spardeous the Felid Earth Elementalist began the quest for
                  | the Orb.
     0 | D:1      | Reached XP level 1. HP: 7/7 MP: 4/4
   182 | D:2      | Reached XP level 2. HP: 11/11 MP: 4/6
   255 | D:3      | Noticed Jessica
   259 | D:3      | Killed Jessica
   260 | D:3      | Reached XP level 3. HP: 6/14 MP: 3/7
   327 | D:3      | Found an ancient bone altar of Kikubaaqudgha.
   328 | D:3      | Noticed Sigmund
   461 | D:3      | Found a glowing drain.
   476 | Sewer    | Entered a sewer
   497 | Sewer    | Noticed a kobold brigand
   523 | Sewer    | Killed a kobold brigand
   524 | Sewer    | Reached XP level 4. HP: 14/18 MP: 1/8
   684 | Sewer    | Reached XP level 5. HP: 19/21 MP: 5/9
   913 | Sewer    | Reached skill level 5 in Dodging
   913 | Sewer    | Reached skill level 5 in Earth Magic
  1333 | Sewer    | Gained mutation: You are covered in thick fur. (AC +2)
                  | [Felid growth]
  1333 | Sewer    | Reached XP level 6. HP: 17/24 MP: 6/10
  2289 | D:4      | Found Jistroy's Antique Armour Boutique.
  2431 | D:4      | Noticed Blork the orc
  3333 | D:4      | Found a hide-covered altar of Uskayaw.
  3475 | D:5      | Entered Level 5 of the Dungeon
  3481 | D:5      | Noticed Edmund
  3535 | D:5      | Slain by a gnoll
  3536 | D:5      | Reached XP level 5. HP: 0/21 MP: 3/9
  3559 | D:5      | Killed from afar by an orc wizard

Illustrated notes

Levels and vault maps discovered:
D:1:      arrival_zaba_pyramid, layout_basic
D:2:      layout_rooms, uniq_terence
D:3:      layout_loops_ring, mainiacjoe_overflow_chevrons, portal_sewer_entry_d,
          uniq_jessica, uniq_sigmund
D:4:      layout_basic, nicolae_uskayaw_dance_hall, serial_shops,
          nicolae_shop_tiny_real_fake_doors, uniq_blork_the_orc
D:5:      layout_layer_cave, mainiacjoe_overflow_alcove_2,
          minmay_temple_entry_arrows, minmay_fractal_squares_gapless_5,
          uniq_edmund, uniq_grinder

Skill      XL: |  1  2  3  4  5  6 |
---------------+-------------------+-----
Earth Magic    | 3 4 5 6 |  6.1
Dodging        | 3 4 5 6 |  6.0
Stealth        | |  2.6
Spellcasting   | |  2.0
Transmutations | |  1.1

Action                     |  1- 3 |  4- 6 || total
---------------------------+-------+-------++-------
  Melee: Unarmed           |       |    67 ||    67
         Bite              |       |    13 ||    13
         Punch             |       |     1 ||     1
   Cast: Sandblast         |    27 |   114 ||   141
 Armour: Skin              |       |     3 ||     3
  Dodge: Dodged            |    11 |    76 ||    87
